 Dungeon Crawl Stone Soup version 0.28-a0-1190-g77e1c55843 (webtiles) character file.

Game seed: 608022612142491092

226262 RepHenryClay the Severer (level 18, -6/173 HPs)
             Began as a Minotaur Berserker on Dec 18, 2021.
             Was the Champion of Trog.
             Mangled by a shambling mangrove (9 damage)
             ... on level 3 of the Abyss on Dec 19, 2021.
             The game lasted 01:04:55 (42171 turns).

RepHenryClay the Severer (Minotaur Berserker)      Turns: 42171, Time: 01:04:55

Health: -6/173     AC: 36    Str: 24    XL:     18   Next: 64%
Magic:  0/17       EV: 14    Int:  2    God:    Trog [******]
Gold:   2463       SH:  0    Dex: 18    Spells: 17/17 levels left

rFire   + . .      SeeInvis .   a - +4 battleaxe (vorpal)
rCold   + . .      Faith    .   (shield currently unavailable)
rNeg    . . .      Spirit   +   w - +4 plate armour {rF+}
rPois   +          Reflect  .   S - +2 hat of the Old World {Rampage Str+2}
rElec   +          Harm     .   L - +0 cloak
rCorr   +          Rampage  +   d - +0 pair of gloves
Will    ++++.                   l - +1 pair of boots
Stlth   ..........              C - amulet of guardian spirit
HPRegen 1.38/turn               F - ring "Vethoux" {rElec rC+ rCorr AC+4}
MPRegen 0.15/turn               e - ring of Winter {rPois Will+}

@: grasped by roots, strong-willed, flying, regenerating, hasted and slowed,
lost intelligence, constricted, unable to read
A: horns 2, retaliatory headbutt, dopey 1, [subdued magic 1]
}: 1/15 runes: gossamer
a: Renounce Religion, Berserk, Trog's Hand, Brothers in Arms


You were on level 3 of the Abyss.
You worshipped Trog.
Trog was exalted by your worship.
You visited 5 branches of the dungeon, and saw 26 of its levels.
You visited the Abyss 1 time.
You also visited: Gauntlet and Volcano.

You collected 3015 gold pieces.
You spent 552 gold pieces at shops.

Inventory:

Hand Weapons
 a - a +4 vorpal battleaxe (weapon)
 b - a +2 battleaxe of flaming
Missiles
 j - 9 silver javelins
 r - 4 throwing nets
 t - 6 javelins (quivered)
 M - 84 poisoned darts
 N - a curare-tipped dart
Armour
 d - a +0 pair of gloves (worn)
 l - a +1 pair of boots (worn)
 w - a +4 plate armour of fire resistance (worn)
 D - a +3 plate armour of willpower
 L - a +0 cloak (worn)
 S - the +2 hat of the Old World (worn) {Rampage Str+2}
   (You found it in a Gauntlet)

   Str:       It affects your strength (+2).
   Rampage:   It bestows one free step when moving towards enemies.
 T - the +18 shield of the Gong {rElec rN+ Will+ EV-5}
   (You took it off a minotaur in a Gauntlet)

   It is deafeningly noisy when blocking attacks.
   EV:        It affects your evasion (-5).
   rElec:     It insulates you from electricity.
   rN:        It protects you from negative energy.
   Will:      It increases your willpower.
Jewellery
 e - the ring of Winter (right hand) {rPois Will+}
   (You acquired it on level 4 of the Dungeon)

   [ring of poison resistance]

   rPois:     It protects you from poison.
   Will:      It increases your willpower.
 f - a +4 ring of evasion
 u - a +6 ring of dexterity
 C - an amulet of guardian spirit (around neck)
 F - the ring "Vethoux" (left hand) {rElec rC+ rCorr AC+4}
   (You found it in a Gauntlet)

   [ring of protection]

   AC:        It affects your AC (+4).
   rC:        It protects you from cold.
   rElec:     It insulates you from electricity.
   rCorr:     It protects you from acid and corrosion.
 K - a +6 ring of dexterity
 U - a ring of positive energy
 X - a +6 ring of strength
Wands
 k - a wand of digging (8)
 x - a wand of paralysis (3)
 y - a wand of mindburst (37)
 B - a wand of flame (28)
 H - a wand of iceblast (8)
 I - a wand of acid (8)
 J - a wand of charming (6)
Scrolls
 h - a scroll of enchant weapon
 n - 5 scrolls of vulnerability
 o - 4 scrolls of immolation
 q - 5 scrolls of blinking
 s - a scroll of brand weapon
 v - 4 scrolls of teleportation
 A - a scroll of fear
 G - 5 scrolls of fog
 V - 11 scrolls of identify {@r1}
 W - 5 scrolls of amnesia
 Z - 3 scrolls of enchant armour
Potions
 c - 9 potions of ambrosia
 g - 3 potions of invisibility
 i - 4 potions of mutation
 m - 3 potions of berserk rage
 p - 8 potions of curing
 z - 4 potions of flight
 E - a potion of might
 O - a potion of heal wounds
 P - a potion of cancellation
 Q - 3 potions of haste
 Y - 2 potions of degeneration
Miscellaneous
 R - a lightning rod (4/4)


   Skills:
 - Level 18.4 Fighting
 - Level 20.4 Axes
 + Level 9.0 Throwing
 - Level 20.4 Armour
 - Level 17.1 Dodging
 - Level 11.6 Evocations


You had 17 spell levels left.
You didn't know any spells.
Your spell library was empty.

Dungeon Overview and Level Annotations

Branches:
Dungeon (11/15)            Temple (0/1) D:6            Lair (6/6) D:11
  Swamp (0/4) Lair:2       Spider (4/4) Lair:3        Slime (0/5) Lair:6
    Orc (2/2) D:10            Elf (3/3) Orc:2       Volcano (visited)
Gauntlet (visited)

Altars:
Cheibriados
Hepliaklqana
Makhleb
Nemelex Xobeh
Uskayaw
Vehumet
Xom
Jiyva
Lugonu

Shops:
D:5 ?   D:8 *   Orc:1 *   Orc:2 =?!*   Elf:1 ([:   Elf:2 !   Elf:3 =

Portals:
Hell: Lair:6
Abyss: Elf:1

Annotations:
Lair:6 1 runed translucent door
Elf:2 1 runed translucent door


Innate Abilities, Weirdness & Mutations

You have a pair of horns on your head.
You reflexively headbutt those who attack you in melee.
You are dopey. (Int -2)
[Your spells are a little easier to cast, but a little less powerful.]


Message History

The grasping roots constrict you!
* * * LOW HITPOINT WARNING * * *
The worldbinder closely misses you. You furiously retaliate!
You headbutt the worldbinder. The worldbinder hits you.
* * * LOW HITPOINT WARNING * * *
The water nymph points at you and mumbles some strange words.
The water rises up and strikes you!!
* * * LOW HITPOINT WARNING * * *
The wolf spider hits you but does no damage.
The wolf spider bites you but does no damage.
Huge Dmg: -24%(-41hp) hp: 3%(5hp) Unknown command.
You slash the worldbinder!
You destroy the worldbinder!
Trog accepts your kill.
The wolf spider disappears in a puff of smoke!
The orb spider disappears in a puff of smoke!
The wolf spider disappears in a puff of smoke!
You closely miss the water nymph. You hit the shambling mangrove.
A starcursed mass splits.
The shambling mangrove misses you. The grasping roots constrict you.
The water nymph barely misses you. You furiously retaliate!
You headbutt the water nymph!
Your Throwing skill increases to level 9!
You feel much better.
A starcursed mass splits.
A worldbinder comes into view.
The shambling mangrove closely misses you.
You furiously retaliate!
You headbutt the shambling mangrove! The grasping roots constrict you.
The water nymph closely misses you.
Angry insects surge out from beneath the shambling mangrove's foliage!
The shambling mangrove hits you but does no damage.
The grasping roots constrict you.
You feel yourself speed up.
The water nymph gestures at you while chanting.
The water rises up and strikes you!!
* * * LOW HITPOINT WARNING * * *
The water nymph touches you. The water nymph drowns you!
* * * LOW HITPOINT WARNING * * *
The worldbinder calls forth creatures from the Swamp!
The shambling mangrove hits you!
You die...

... ♣. #.. .. ♣
## ... ♣≈♣ .♣
#.#..x .≈♣.
..##. ≈..
#..k♣♣y♣#
##..≈f♣≈#
...##..@m≈.#
..#...§yy≈>#
###.#.#...#..♣##
# .. ##.X.X#..#
#. . .###..##..#
. .. .
.#.#.####.# . #
......§ ...# ..
....#.# .#.#.#
... ##. [.......
.


You could see 2 starcursed masses, a shambling mangrove, a water nymph, a
worldbinder, 3 hornets and a swamp drake (summoned).

Vanquished Creatures
  Arachne (Spider:4)
  2 deep elf blademasters
  Roxanne (Spider:1)
  2 ghost moths
  2 deep elf sorcerers (Elf:3)
  6 emperor scorpions
  A balrug (Gauntlet)
  2 orc warlords (Orc:1)
  A deep elf elementalist (Elf:3)
  The ghost of Eblaalis the Fighter, a journeyman OgWr of the Shining One (Orc:1)
  4 entropy weavers
  A deep elf demonologist (Elf:3)
  2 minotaurs
  8 deep elf annihilators (Elf:3)
  4 spark wasps (Spider:4)
  3 deep elf high priests (Elf:3)
  2 deep elf death magi (Elf:3)
  A fire dragon (Volcano)
  A rakshasa (Abyss:3)
  Fannar (D:11)
  11 hydras
  Harold (Lair:1)
  4 ogre magi
  2 boulder beetles
  18 two-headed ogres
  8 death scarabs (Spider:4)
  22 dancing weapons
  An orc high priest (Orc:2)
  11 death yaks
  24 deep elf knights
  3 wretched stars
  2 fire crabs
  A sixfirhy (Lair:6)
  3 wizards
  Pikel (D:5)
  7 deep elf archers
  4 orc knights
  30 deep elf pyromancers
  17 orb spiders
  3 wolf spider zombies (Spider:4)
  A spectral wolf spider (Spider:4)
  30 wolf spiders
  4 orc sorcerers
  24 deep elf zephyrmancers
  A cyclops (D:11)
  2 manticores (Elf:3)
  3 salamanders (Volcano)
  3 worldbinders
  2 centaur zombies (D:11)
  7 moths of wrath
  5 black mambas
  4 orange demons
  5 torpor snails
  5 elephants (Lair:6)
  3 smoke demons
  A water nymph (Abyss:3)
  A gargoyle (D:11)
  14 cane toads
  A freezing wraith (Abyss:3)
  7 rime drakes
  4 spectral redbacks (Spider:4)
  A kobold demonologist (D:10)
  11 komodo dragons
  2 unseen horrors
  4 redback zombies (Spider:4)
  14 demonic crawlers
  3 ice devils (Lair:6)
  3 ancient zymes (Abyss:2)
  A red devil (Lair:6)
  49 jumping spiders
  7 trolls
  7 spectral tarantellas (Spider:4)
  A jumping spider zombie (Spider:4)
  5 spectral jumping spiders (Spider:4)
  5 hornets
  19 blink frogs
  3 air elementals
  Sigmund (D:5)
  A spriggan (shapeshifter) (Elf:3)
  28 tarantellas
  80 redbacks
  2 water elementals
  30 yaks
  7 wyverns
  11 fire bats
  Eustachio (D:5)
  7 basilisks
  3 steam dragons
  A chaos spawn (Abyss:2)
  A fire elemental (Elf:2)
  A neqoxec (Abyss:3)
  Grum (D:10)
  Menkaure (D:5)
  4 wargs
  2 small abominations
  2 acid dragons
  16 water moccasins
  7 hell hounds
  2 spectral hornets (Spider:4)
  25 orc warriors
  3 sky beasts
  4 ice beasts
  3 necrophages
  14 wolves
  2 black bears
  A boggart (Elf:1)
  31 ogres
  11 centaurs
  3 lemures
  A phantom (D:4)
  4 kobold brigands
  8 bullfrogs
  15 scorpions
  An earth elemental (Elf:3)
  4 wyvern zombies
  5 water moccasin skeletons
  9 killer bees
  6 wights
  7 howler monkeys
  7 electric eels
  14 orc priests
  5 hounds
  2 jellies
  2 gnoll shamans (D:7)
  4 iguanas
  Jessica (D:2)
  Natasha (thrice) (D:4)
  A scorpion zombie (D:5)
  28 orc wizards
  19 gnolls
  A howler monkey skeleton (D:7)
  11 adders
  2 white imps (D:6)
  An adder skeleton (D:4)
  7 worms
  2 dart slugs
  99 orcs
  2 bats
  6 endoplasms
  4 giant cockroaches
  22 hobgoblins
  26 kobolds
  2 quokkas
  8 ball pythons
  2 frilled lizards
  34 goblins
  3 rats
  A spectral kobold (D:10)
  A lurking horror (Elf:1)
1167 creatures vanquished.

Vanquished Creatures (others)
  A deep elf sorcerer (Elf:1)
  A dancing weapon (Elf:2)
  A wolf spider (Spider:4)
  An orc (Orc:2)
  24 demonic plants (Gauntlet)
  41 fungi
  113 plants
182 creatures vanquished.

Grand Total: 1349 creatures vanquished

Notes
Turn   | Place    | Note
-------+----------+-------------------------------------------
     0 | D:1      | RepHenryClay the Minotaur Berserker began the quest for the
                  | Orb.
     0 | D:1      | Reached XP level 1. HP: 19/19 MP: 0/0
   336 | D:1      | Reached XP level 2. HP: 25/26 MP: 1/1
   453 | D:1      | Found a faded altar of an unknown god.
   947 | D:2      | Found a shimmering altar of Xom.
   954 | D:2      | Reached XP level 3. HP: 30/31 MP: 2/2
   978 | D:2      | Noticed Jessica
   983 | D:2      | Killed Jessica
   984 | D:2      | Reached skill level 5 in Axes
  1137 | D:2      | You fall into a shaft and drop 1 floor!
  1149 | D:3      | Reached XP level 4. HP: 26/39 MP: 3/3
  1152 | D:3      | Reached ** piety under Trog
  1801 | D:3      | Reached XP level 5. HP: 45/45 MP: 4/4
  1842 | D:3      | Found a snail-covered altar of Cheibriados.
  2075 | D:4      | Reached skill level 5 in Armour
  2293 | D:4      | Noticed Natasha
  2305 | D:4      | Killed Natasha
  2306 | D:4      | Reached XP level 6. HP: 15/51 MP: 5/5
  2619 | D:4      | Noticed Natasha
  2623 | D:4      | Killed Natasha
  2645 | D:4      | Noticed Natasha
  2652 | D:4      | Killed Natasha
  2784 | D:4      | Reached XP level 7. HP: 46/57 MP: 6/6
  3034 | D:4      | Found a sparkling altar of Nemelex Xobeh.
  3345 | D:4      | Reached *** piety under Trog
  3742 | D:5      | Entered Level 5 of the Dungeon
  3747 | D:5      | Noticed Pikel
  4008 | D:5      | Noticed Menkaure
  4149 | D:4      | Identified 2 scrolls of acquirement
  4149 | D:4      | Acquired a manual of Evocations
  4151 | D:4      | Acquired the ring of Winter {rPois Will+}
  4160 | D:5      | Found Patalyz's Magic Scroll Emporium.
  4188 | D:5      | Killed Pikel
  4189 | D:5      | Reached XP level 8. HP: 64/64 MP: 7/7
  4236 | D:5      | Killed Menkaure
  4288 | D:5      | Bought a scroll of noise for 14 gold pieces
  4288 | D:5      | Bought a scroll of teleportation for 42 gold pieces
  4288 | D:5      | Bought a scroll of magic mapping for 49 gold pieces
  4288 | D:5      | Bought a scroll of blinking for 105 gold pieces
  4376 | D:5      | Noticed Eustachio
  4421 | D:5      | Killed Eustachio
  4422 | D:5      | Reached skill level 10 in Axes
  4541 | D:5      | Noticed Sigmund
  4559 | D:5      | Killed Sigmund
  4560 | D:5      | Reached skill level 10 in Armour
  4577 | D:5      | Reached XP level 9. HP: 68/70 MP: 8/8
  4986 | D:6      | Found a staircase to the Ecumenical Temple.
  4990 | D:6      | Reached **** piety under Trog
  6007 | D:7      | Killed an unseen horror
  6495 | D:7      | Reached XP level 10. HP: 74/77 MP: 6/9
  7220 | D:8      | Found Purew's Assorted Antiques.
  7245 | D:8      | Reached ***** piety under Trog
  7263 | D:8      | Identified the +6 leather armour of Uskayaw's Envy {Rampage
                  | rCorr Int+10 Stlth-}
  7805 | D:8      | Found a radiant altar of Vehumet.
  8573 | D:9      | Found a shimmering altar of Xom.
  8651 | D:9      | Reached skill level 5 in Dodging
  8983 | D:10     | Entered Level 10 of the Dungeon
  9082 | D:10     | Found a staircase to the Orcish Mines.
  9200 | D:10     | Noticed a sixfirhy
  9226 | D:10     | Reached XP level 11. HP: 52/82 MP: 6/10
  9678 | D:10     | Found a hazy altar of Hepliaklqana.
  9800 | D:10     | Noticed Grum
  9801 | D:10     | Found a hide-covered altar of Uskayaw.
  9892 | D:10     | Killed Grum
 10557 | D:11     | Noticed a boulder beetle
 10621 | D:11     | HP: 3/82 [boulder beetle (16)]
 11248 | D:11     | Noticed a two-headed ogre
 11252 | D:11     | Killed a two-headed ogre
 11405 | D:11     | Found a staircase to the Lair.
 11601 | D:11     | Noticed Fannar
 11616 | D:11     | Killed Fannar
 11790 | D:11     | Noticed a four-headed hydra
 11798 | D:11     | Killed a one-headed hydra
 11816 | D:11     | Killed a boulder beetle
 11817 | D:11     | Reached skill level 5 in Throwing
 11994 | Orc:1    | Entered Level 1 of the Orcish Mines
 12015 | Orc:1    | Reached skill level 1 in Evocations
 12097 | Orc:1    | Noticed an orc knight
 12129 | D:10     | Killed an orc knight
 12222 | Orc:1    | Received a gift from Trog
 12239 | Orc:1    | Reached XP level 12. HP: 68/90 MP: 7/11
 12354 | Orc:1    | Noticed an orc warlord
 12356 | Orc:1    | Found a transporter.
 12478 | Orc:1    | Noticed Eblaalis's ghost (journeyman OgWr)
 12500 | Orc:1    | Found Riedghuf's Assorted Antiques.
 12587 | Orc:1    | Bought a scroll labelled BIOBIA PURIA for 22 gold pieces
 12587 | Orc:1    | Bought a scroll of identify for 44 gold pieces
 12644 | Orc:1    | Found a transporter.
 12852 | Orc:2    | Entered Level 2 of the Orcish Mines
 12852 | Orc:2    | Noticed an orc warlord
 12925 | Lair:1   | Entered Level 1 of the Lair of Beasts
 12925 | Lair:1   | Noticed a five-headed hydra
 12935 | Lair:1   | Killed a one-headed hydra
 12936 | Lair:1   | Reached skill level 5 in Evocations
 13191 | Lair:1   | Noticed Harold
 13198 | Lair:1   | Killed Harold
 13841 | Lair:2   | Found a gate leading to a gauntlet.
 13860 | Gauntlet | Entered a Gauntlet
 13860 | Gauntlet | Found a transporter.
 13869 | Gauntlet | Found a transporter.
 13889 | Gauntlet | Found a transporter.
 13889 | Gauntlet | Found a transporter.
 13892 | Gauntlet | Noticed a balrug
 13901 | Gauntlet | Found a transporter.
 13919 | Gauntlet | Found a transporter.
 13923 | Gauntlet | Noticed a hell beast
 13925 | Gauntlet | Found a transporter.
 13926 | Gauntlet | Found a transporter.
 13928 | Gauntlet | Found a runed translucent door.
 13956 | Gauntlet | Found a transporter.
 13956 | Gauntlet | Found a transporter.
 13956 | Gauntlet | Noticed a balrug
 13967 | Gauntlet | Found a transporter.
 14002 | Gauntlet | Found a transporter.
 14098 | Gauntlet | Killed a balrug
 14105 | Gauntlet | Identified the ring "Vethoux" {rElec rC+ rCorr AC+4}
 14201 | Gauntlet | Reached skill level 10 in Evocations
 14241 | Gauntlet | Identified the +2 hat of the Old World {Rampage Str+2}
 14258 | Gauntlet | Identified the +7 scimitar of Change {protect, rElec rPois}
 14258 | Gauntlet | Noticed a minotaur
 14299 | Gauntlet | Killed a minotaur
 14709 | Lair:2   | Noticed a four-headed hydra
 14714 | Lair:2   | Killed a one-headed hydra
 14836 | Lair:2   | Found a staircase to the Swamp.
 15146 | Lair:2   | Noticed a death yak
 15170 | Lair:2   | Killed a death yak
 15171 | Lair:2   | Reached skill level 5 in Fighting
 16590 | Lair:3   | Reached XP level 13. HP: 90/107 MP: 12/12
 16678 | Lair:3   | Found a hole to the Spider Nest.
 17574 | Lair:4   | Reached skill level 10 in Fighting
 17913 | Lair:4   | Reached skill level 15 in Axes
 19609 | Lair:5   | Found a runed translucent door.
 19905 | Lair:5   | Reached skill level 10 in Dodging
 20391 | Lair:6   | Entered Level 6 of the Lair of Beasts
 20462 | Lair:6   | Found a dark tunnel.
 20470 | Volcano  | Entered a volcano
 20703 | Volcano  | Reached XP level 14. HP: 109/124 MP: 11/13
 21717 | Lair:6   | Found a runed translucent door.
 21717 | Lair:6   | Found a viscous altar of Jiyva.
 21793 | Lair:6   | Received a gift from Trog
 21827 | Lair:6   | Found a staircase to the Slime Pits.
 21848 | Lair:6   | Reached skill level 15 in Armour
 23677 | Orc:1    | Found Riedghuf's Assorted Antiques.
 23750 | Orc:1    | Found a transporter.
 23753 | Orc:1    | Found a transporter.
 24096 | Orc:1    | Killed an orc warlord
 25238 | Orc:2    | Reached XP level 15. HP: 123/134 MP: 11/14
 25257 | Orc:1    | Received a gift from Trog
 25268 | Orc:1    | Reached ****** piety under Trog
 25792 | Orc:2    | Found Vellywax's Jewellery Shoppe.
 25792 | Orc:2    | Found Kieps's Distillery.
 25793 | Orc:2    | Found Elior's Magic Scroll Boutique.
 25793 | Orc:2    | Found Ujicvisocu's Assorted Antiques.
 25802 | Orc:2    | Bought a potion of heal wounds for 150 gold pieces
 25803 | Orc:2    | Bought a scroll of teleportation for 42 gold pieces
 25803 | Orc:2    | Bought a scroll of identify for 28 gold pieces
 25803 | Orc:2    | Bought a scroll of identify for 28 gold pieces
 25803 | Orc:2    | Bought a scroll of identify for 28 gold pieces
 25868 | Orc:2    | Found a staircase to the Elven Halls.
 26354 | Orc:1    | Killed an orc warlord
 26369 | Orc:1    | Killed Eblaalis's ghost
 26373 | Orc:1    | Identified the +1 hat "Tyant" {Int+4}
 26855 | Lair:6   | Found a burning altar of Makhleb.
 27085 | Lair:6   | Found a gateway to Hell.
 27217 | Spider:1 | Entered Level 1 of the Spider Nest
 27603 | Spider:1 | Noticed Roxanne
 27670 | Spider:1 | Received a gift from Trog
 29125 | Spider:1 | Killed Roxanne
 29706 | Spider:1 | Received a gift from Trog
 30189 | Spider:2 | Reached XP level 16. HP: 146/146 MP: 15/15
 32426 | Spider:3 | Reached skill level 15 in Fighting
 32438 | Spider:3 | Identified the +5 war axe of the Pharaoh's Fist {vorpal,
                  | Will+ rCorr Stlth-}
 32574 | Spider:3 | Acquired a +3 plate armour of willpower
 32601 | Spider:3 | Received a gift from Trog
 33177 | Spider:4 | Entered Level 4 of the Spider Nest
 33362 | Spider:4 | Noticed Arachne
 34468 | Spider:4 | Killed Arachne
 34958 | Spider:4 | Reached XP level 17. HP: 131/158 MP: 12/16
 35010 | Spider:4 | Reached skill level 15 in Dodging
 36068 | Spider:4 | Got a gossamer rune of Zot
 36674 | Elf:1    | Entered Level 1 of the Elven Halls
 36688 | Elf:1    | Received a gift from Trog
 36836 | Elf:1    | Found Pyexkut's Book Shoppe.
 37218 | Elf:1    | Found Wurofub's Armour Shoppe.
 37226 | Elf:1    | Found Timek's Weapon Emporium.
 37289 | Elf:1    | Found a one-way gate to the infinite horrors of the Abyss.
 37293 | Elf:1    | Found a corrupted altar of Lugonu.
 37849 | Elf:2    | Paralysed by an air elemental for 1 turns
 38084 | Elf:2    | Received a gift from Trog
 38315 | Elf:2    | Found Seky's Distillery.
 38370 | Elf:2    | Found a runed translucent door.
 38370 | Elf:2    | Found a hide-covered altar of Uskayaw.
 38425 | Elf:2    | Found a runed translucent gate.
 38426 | Elf:2    | Found a runed translucent gate.
 38426 | Elf:2    | Found a runed translucent gate.
 38669 | Elf:3    | Entered Level 3 of the Elven Halls
 38947 | Elf:2    | Reached XP level 18. HP: 137/171 MP: 15/17
 39473 | Elf:2    | Received a gift from Trog
 39777 | Elf:3    | Found Foorgh's Jewellery Shoppe.
 40457 | Elf:3    | Paralysed by an air elemental for 1 turns
 40799 | Elf:3    | Noticed an Ice Fiend
 41228 | Elf:3    | Received a gift from Trog
 41354 | Elf:3    | Identified the +8 mace of the Smoking Seer {freeze, rC+}
 41864 | Elf:3    | Cast into level 2 of the Abyss (a deep elf demonologist)
 41879 | Abyss:2  | Found a shadowy altar of Dithmenos.
 41931 | Abyss:2  | Lost intelligence.
 42123 | Abyss:3  | Lost intelligence.
 42123 | Abyss:3  | Gained mutation: You are very dopey. (Int -4) [a neqoxec]
 42168 | Abyss:3  | HP: 5/173 [water nymph/the raging water (18)]
 42171 | Abyss:3  | Mangled by a shambling mangrove

Illustrated notes

Levels and vault maps discovered:
D:1:      saegor_arrival_simple_e, layout_loops_ring,
          shapermc_ecumenical_altar_acropolis
D:2:      layout_loops_ring, basic_altar, uniq_jessica
D:3:      layout_rooms, mainiacjoe_overflow_alcove_4
D:4:      minmay_goblin_kobold_castle, layout_cave_pools,
          nemelex_diamond_rough_becter, uniq_natasha
D:5:      layout_rooms, serial_shops, shop, palyth_stone_intersect, uniq_pikel,
          uniq_menkaure, uniq_sigmund, uniq_eustachio
D:6:      cheibrodos_steamvent, layout_basic, minmay_temple_entry_sparse_star
D:7:      layout_basic, minmay_joined_circles
D:8:      layout_gridville, nicolae_vehumet_altar_sigil, serial_shops,
          kennysheep_mini_moat, serial_glass, glass_columns_b, glass_columns_b,
          nicolae_concentric_dashed_squares_mild, due_unseen_surprise
D:9:      layout_irregular_city, lemuel_tele_altar, grunt_decor_resistance
D:10:     layout_layer_cave, nicolae_uskayaw_dance_hall,
          nicolae_hepliaklqana_monster_ancestors, orc_0_dummy, uniq_grum
D:11:     layout_roguey, erik_lair_island, uniq_fannar
Lair:1:   layout_regular_city, lemuel_old_faithful, uniq_harold
Lair:2:   nzn_winding_woodlands_medium [nzn_winding_woodlands_5x5_open_star,
          nzn_winding_woodlands_5x15_pool, nzn_winding_woodlands_5x5_three,
          nzn_winding_woodlands_5x5_perimeter,
          nzn_winding_woodlands_center_triple_pond,
          nzn_winding_woodlands_5x5_default,
          nzn_winding_woodlands_5x5_closed_star, nzn_winding_woodlands_5x15_eye,
          nzn_winding_woodlands_5x5_checkerboard], layout_cave_pods,
          swamp_mist_pool, gauntlet_entry_generic, st_stairs_7,
          chequers_serial_rivers_micro_a
Lair:3:   layout_cave_pods, nicolae_spider_entry_non_spiders,
          nicolae_lair_grove_arrangements
Lair:4:   layout_regular_city, grunt_megastairs_3
Lair:5:   dreamdust_labyrinth, layout_layer_cave
Lair:6:   evil_forest, layout_small_grid, slime_altar_2,
          nicolae_volcano_entry_hallway, st_stairs_9
Spider:1: layout_chambers, uniq_roxanne
Spider:2: nicolae_spider_hilbert_zone_7 [nicolae_spider_hilbert_4_sides_1_open,
          nicolae_spider_hilbert_4_sides_1_open,
          nicolae_spider_hilbert_4_sides_1_open,
          nicolae_spider_hilbert_4_sides_1_open,
          nicolae_spider_hilbert_3_sides_1_open,
          nicolae_spider_hilbert_3_sides_1_open,
          nicolae_spider_hilbert_3_sides_1_open,
          nicolae_spider_hilbert_3_sides_1_open,
          nicolae_spider_hilbert_4_sides_1_open,
          nicolae_spider_hilbert_4_sides_1_open,
          nicolae_spider_hilbert_4_sides_1_open,
          nicolae_spider_hilbert_2_sides_1_open,
          nicolae_spider_hilbert_2_sides_1_open,
          nicolae_spider_hilbert_2_sides_1_open,
          nicolae_spider_hilbert_2_sides_1_open,
          nicolae_spider_hilbert_2_sides_1_open,
          nicolae_spider_hilbert_2_sides_1_open]
Spider:3: nicolae_spider_mines_1
Spider:4: floodkiller_spider_rune_tomb, uniq_arachne
Orc:1:    layout_caves, gammafunk_ghost_arena, serial_shops, shop
Orc:2:    st_orc_ogre_mass, layout_caves
Elf:1:    eino_elf_arrival_customs, layout_geoelf_grid, serial_shops, shop,
          hangedman_elf_disciples, amcnicky_altar_lugonu_corruption,
          minmay_shoptagon
Elf:2:    nicolae_elf_blades_crystal_corner, layout_rooms, serial_shops,
          nicolae_shop_advertising_works [nicolae_subvault_shop_adworks],
          nicolae_danse_macabre
Elf:3:    minmay_elf_hall_spiked, layout_geoelf_castle, serial_shops,
          nicolae_shop_stone, nicolae_elf_big_sculpture_1,
          einodemon_barbed_minivault
Abyss:3:  base: Elf:1, bh_silent_lugonu_exit,
          grunt_abyss_rune_forest_and_sorcery, evilmike_abyss_exit_vortex

Skill      XL: |  1  2  3  4  5  6  7  8  9 10 11 12 13 14 15 16 17 18 |
---------------+-------------------------------------------------------+-----
Axes           | 4 5 6 7 9 10 12 14 16 18 20 | 20.4
Armour         | 3 4 5 6 8 10 12 13 14 15 16 18 19 20 | 20.4
Dodging        | 6 9 10 11 13 14 16 17 | 17.1
Throwing       | 5 9 |  9.0
Evocations     | 4 11 | 11.6
Fighting       | 8 11 12 14 15 17 18 | 18.4

Action                   |  1- 3 |  4- 6 |  7- 9 | 10-12 | 13-15 | 16-18 || total
-------------------------+-------+-------+-------+-------+-------+-------++-------
Melee: Hand axe          |    57 |   127 |   373 |   407 |       |       ||   964
       Headbutt          |     7 |    25 |    79 |   174 |   257 |   273 ||   815
       War axe           |       |       |       |   419 |   368 |       ||   787
       Battleaxe         |       |       |       |       |   593 |  1116 ||  1709
Throw: Dart              |       |       |       |     5 |    24 |    34 ||    63
Invok: Berserk           |       |       |     5 |     9 |     5 |       ||    19
       Trog's Hand       |       |       |     2 |     6 |     5 |     7 ||    20
       Brothers in Arms  |       |       |       |     3 |       |       ||     3
Evoke: Wand              |       |       |       |    13 |     2 |     4 ||    19
       Lightning rod     |       |       |       |       |     7 |       ||     7
  Use: Scroll            |       |       |     8 |     7 |     9 |    12 ||    36
       Potion            |       |       |       |    10 |       |     5 ||    15
 Stab: Sleeping          |     1 |       |       |       |       |       ||     1
       Held in net/web   |       |       |       |       |       |     1 ||     1
Armor: Animal skin       |     3 |       |       |       |       |       ||     3
       Ring mail         |     3 |    49 |    96 |    74 |    85 |       ||   307
       Chain mail        |       |       |    12 |    46 |       |       ||    58
       Leather armour    |       |       |       |   111 |    24 |       ||   135
       Plate armour      |       |       |       |       |   474 |   913 ||  1387
Dodge: Dodged            |    37 |    99 |   244 |   499 |   670 |   860 ||  2409

Table legend: (Time is in decaauts)
 A = Elapsed time spent in this place.
 B = Non-inter-level travel time spent in this place.
 C = Inter-level travel time spent in this place.
 D = Time resting spent in this place.
 E = Time spent auto-exploring this place.
 F = Levels seen in this place.
 G = Mean time per level.
                   A        B        C        D        E       F      G
               +--------+--------+--------+--------+--------+-----+--------+
         Total |  41676 |  39251 |   2425 |   6208 |  26507 |  30 | 1389.2 |
       Dungeon |  12222 |  11071 |   1151 |   1343 |   7830 |  11 | 1111.1 |
          Lair |   9151 |   8533 |    618 |    692 |   6803 |   6 | 1525.2 |
   Spider Nest |   9195 |   8904 |    291 |   1963 |   5512 |   4 | 2298.8 |
  Orcish Mines |   4162 |   3897 |    265 |   1169 |   2085 |   2 | 2081.0 |
   Elven Halls |   5067 |   4969 |     98 |    580 |   3589 |   3 | 1689.0 |
         Abyss |    340 |    340 |      0 |      0 |    121 |   2 |  170.0 |
       Volcano |    811 |    811 |      0 |    100 |    432 |   1 |  811.0 |
      Gauntlet |    725 |    725 |      0 |    359 |    134 |   1 |  725.0 |
               +--------+--------+--------+--------+--------+-----+--------+

Top non-repeatable levels by time:
   Orc:1: 3379 daAuts
Spider:1: 3299 daAuts
Spider:4: 2958 daAuts
   Elf:2: 2089 daAuts
  Lair:6: 2049 daAuts
  Lair:2: 1897 daAuts
   Elf:3: 1846 daAuts
     D:4: 1785 daAuts
    D:10: 1605 daAuts
  Lair:4: 1541 daAuts
Spider:3: 1476 daAuts
  Lair:5: 1462 daAuts
Spider:2: 1461 daAuts
    D:11: 1418 daAuts
  Lair:3: 1298 daAuts
